[Event "Titled Tuesday Blitz March 07 Early 2023"]
[White "Postnikov, Artem"]
[Black "Jakubowski, Krzysztof"]
[WhiteFideId "34153575"]
[BlackFideId "1112848"]
[WhiteElo "2243"]
[BlackElo "2359"]
[Result "0-1"]
[Round "05"]
[TimeControl "180+2"]
[Date "2023.03.07"]
[WhiteClock "0:00:01"]
[BlackClock "0:00:15"]

1. Nf3 Nf6 2. g3 d5 3. Bg2 c6 4. O-O Bf5 5. d3 e6 6. c4 Be7 7. b3 h6 8. Bb2 O-O 9. Nbd2 a5 10. Qc2 a4 11. Nd4 Bh7 12. cxd5 exd5 13. bxa4 Qa5 14. e4 dxe4 15. dxe4 Nbd7 16. Nc4 Qxa4 17. Qxa4 Rxa4 18. Ne3 Bxe4 19. Ndf5 Ba3 20. Bxa3 Rxa3 21. Nc4 Ra7 22. Ne7+ Kh7 23. Nd6 Bxg2 24. Kxg2 Ng8 25. Nxg8 Kxg8 26. Rab1 b5 27. Rfc1 Ra6 28. Rb2 Ne5 29. Nf5 Nd3 30. Rcc2 Nxb2 31. Rxb2 Re8 32. Rc2 h5 33. h4 g6 34. Nd4 Kg7 35. Kf3 Ra3+ 0-1


[Site "https://www.chess.com"]

[Event "Titled Tuesday Blitz March 07 Early 2023"]
[White "Mikhalsky, Vladimir"]
[Black "Perez Gormaz, Matias"]
[WhiteFideId "14144352"]
[BlackFideId "3406342"]
[WhiteElo "2272"]
[BlackElo "2362"]
[Result "0-1"]
[Round "05"]
[TimeControl "180+2"]
[Date "2023.03.07"]
[WhiteClock "0:00:47"]
[BlackClock "0:01:23"]

1. c4 e5 2. Nc3 Nf6 3. g3 c6 4. d4 e4 5. d5 Bb4 6. Bg2 Bxc3+ 7. bxc3 O-O 8. d6 Qa5 9. Qb3 Na6 10. Ba3 Re8 11. Nh3 b6 12. O-O Bb7 13. Bb4 Qe5 14. Rad1 h6 15. Kh1 Rab8 16. f4 Qh5 17. Qc2 Ng4 18. Qc1 c5 19. Ba3 e3 20. Bxb7 Qxh3 0-1


[Site "https://www.chess.com"]

[Event "Titled Tuesday Blitz March 07 Early 2023"]
[White "Djokovic, Nebojsa"]
[Black "Staudenhocker43"]
[WhiteFideId "938300"]
[WhiteElo "2582"]
[BlackElo "2434"]
[Result "1-0"]
[Round "05"]
[TimeControl "180+2"]
[Date "2023.03.07"]
[WhiteClock "0:00:10"]
[BlackClock "0:00:19"]

1. c4 c5 2. Nf3 Nc6 3. d4 cxd4 4. Nxd4 Nf6 5. Nc3 e6 6. g3 Qb6 7. Nb3 Ne5 8. Bg2 Nxc4 9. O-O d5 10. e4 dxe4 11. Nxe4 Be7 12. Qc2 Nxe4 13. Bxe4 Nd6 14. Be3 Qb5 15. Nd4 Qh5 16. Bf3 Qg6 17. Qc7 Qf6 18. Nc6 Nb5 19. Qxe7+ Qxe7 20. Nxe7 Kxe7 21. Rac1 e5 22. Rfd1 Rd8 23. Bc5+ Ke8 24. Re1 f6 25. Rc4 Kf7 26. a4 Nd6 27. Rc3 Be6 28. Rd1 Nf5 29. Rdc1 Nd4 30. Bxd4 Rxd4 31. Bxb7 Kg6 32. Bxa8 Rxa4 33. Bg2 Rb4 34. R1c2 a5 35. h4 Bf5 36. Rd2 h5 37. Kh2 Rb6 38. Rc7 Bg4 39. Ra7 Rb5 40. Rc2 Kh6 41. Be4 f5 42. Rc6+ Kh7 43. Bd5 Rxd5 44. Rcc7 Rd6 45. Rxg7+ Kh6 46. Rgd7 Rb6 47. Rab7 Rc6 48. Rb5 e4 49. Re5 Bf3 50. Rdd5 Kg6 51. g4 fxg4 52. Kg3 Rb6 53. Rg5+ Kf6 54. Rxh5 Rxb2 55. Rxa5 Rb3 56. Rhf5+ Kg6 57. h5+ Kg7 58. Kh4 Rb1 59. Kg5 Rb7 60. h6+ Kh7 61. Rf6 Re7 62. Raf5 Kg8 63. Rf8+ Kh7 64. R5f7+ Rxf7 65. Rxf7+ Kh8 66. Rf8+ Kh7 67. Rf7+ Kg8 68. Re7 e3 69. Rxe3 Kf7 70. Rc3 Be2 71. Rc7+ Kg8 72. h7+ Kh8 73. Kh6 Ba6 74. Ra7 Bc8 75. Ra8 g3 76. Rxc8# 1-0


[Site "https://www.chess.com"]

[Event "Titled Tuesday Blitz March 07 Early 2023"]
[White "Fikiet, Alex"]
[Black "Shapiro, Viktor"]
[WhiteFideId "2052717"]
[BlackFideId "4175700"]
[WhiteElo "2434"]
[BlackElo "2152"]
[Result "0-1"]
[Round "05"]
[TimeControl "180+2"]
[Date "2023.03.07"]
[WhiteClock "0:00:01"]
[BlackClock "0:00:35"]

1. e4 Nf6 2. e5 Nd5 3. d4 d6 4. Nf3 Bg4 5. Be2 e6 6. O-O Be7 7. h3 Bh5 8. exd6 cxd6 9. c4 Nb6 10. Be3 O-O 11. b3 d5 12. c5 Bxf3 13. Bxf3 Nc8 14. Nc3 Nc6 15. a3 Bf6 16. b4 N8e7 17. b5 Na5 18. Be2 Nf5 19. Rc1 Rc8 20. Qa4 b6 21. c6 Nxe3 22. fxe3 Bg5 23. Rf3 f5 24. Rcf1 Qd6 25. Bd3 g6 26. Ne2 a6 27. bxa6 Rxc6 28. Bb5 Rc7 29. Nc1 Be7 30. Nd3 Qxa3 31. Qxa3 Bxa3 32. Ne5 Bd6 33. Nd7 Ra8 34. R3f2 Kf7 35. Ra2 Nc4 36. Bxc4 Rxd7 37. Bb5 Rc7 38. Rb1 Ke7 39. Bf1 Rc6 40. Bb5 Rc3 41. Bf1 Bc7 42. Kf2 Kd6 43. Rbb2 Ra7 44. Rc2 Rxc2+ 45. Rxc2 Bd8 46. Bb5 Rc7 47. Ra2 Ra7 48. Rc2 Bh4+ 49. g3 Bd8 50. Rc6+ Ke7 51. Rc8 Bc7 52. Re8+ Kd6 53. Rh8 h5 54. Rh7 e5 55. dxe5+ Kxe5 56. Rg7 Bb8 57. Rxg6 Rc7 58. Rxb6 Rc2+ 59. Kf3 Ba7 60. Rb7 Bc5 61. Rc7 Rc3 62. Rxc5 Rxc5 63. a7 Rxb5 64. a8=Q Rc5 65. Qe8+ Kd6 66. Qf8+ Kc6 67. Kf4 Rc4+ 68. Kxf5 Re4 69. Qc8+ Kd6 70. Qd8+ Kc5 71. Qf8+ Kc4 72. Qc8+ Kd3 0-1


[Site "https://www.chess.com"]

[Event "Titled Tuesday Blitz March 07 Early 2023"]
[White "Devaev, Alexander"]
[Black "Yaksin, Oleg"]
[WhiteFideId "4169395"]
[BlackFideId "24105880"]
[WhiteElo "2225"]
[BlackElo "2289"]
[Result "1/2-1/2"]
[Round "05"]
[TimeControl "180+2"]
[Date "2023.03.07"]
[WhiteClock "0:00:20"]
[BlackClock "0:00:12"]

1. Nf3 Nf6 2. c4 e6 3. Nc3 d5 4. cxd5 exd5 5. d4 Be7 6. Bg5 O-O 7. e3 Nbd7 8. Bd3 Re8 9. Qc2 Nf8 10. O-O c6 11. Bxf6 Bxf6 12. b4 Bg4 13. Nd2 a6 14. a4 Be7 15. b5 axb5 16. axb5 Bd6 17. h3 Bh5 18. bxc6 bxc6 19. Be2 Bg6 20. Bd3 Rc8 21. Bxg6 Nxg6 22. Nf3 c5 23. dxc5 Rxc5 24. Qb3 Ne5 25. Nxe5 Bxe5 26. Rac1 d4 27. exd4 Bxd4 28. Na2 Rf5 29. Rc2 Qf6 30. Nc1 h5 31. Nd3 h4 32. Qc4 Rg5 33. Ne1 Qf4 34. Qd3 Rd8 35. Qf3 Qd6 36. Re2 Qg6 37. Re4 Bb6 38. Rxh4 Rd2 39. Rg4 Rxg4 40. Qxg4 Qxg4 41. hxg4 Rd4 42. Nc2 Rxg4 43. g3 Rc4 44. Ne1 Rc3 45. Kg2 g5 46. Nf3 g4 47. Nh4 Kg7 48. Re1 Rc2 49. Nf5+ Kf6 50. Ne3 Bxe3 51. Rxe3 Kg5 52. Re4 f5 53. Ra4 Re2 54. Ra8 Re7 55. Rg8+ Kf6 56. Rf8+ Ke5 57. Ra8 Ke4 58. Ra4+ Ke5 59. Rf4 Rd7 60. Ra4 Rd2 61. Ra3 Ke4 62. Ra4+ Rd4 63. Ra5 Rd2 64. Ra6 Rd5 65. Re6+ Kd3 66. Re3+ Kd2 67. Kf1 Rd3 68. Re5 Rf3 69. Kg2 Kd3 70. Rd5+ Ke4 71. Ra5 Kd4 72. Ra4+ Ke5 73. Ra5+ Kf6 74. Ra8 Kg5 75. Rg8+ Kf6 76. Rf8+ Kg7 77. Ra8 Rb3 78. Ra7+ Kg6 79. Ra6+ Kg5 80. Ra8 Rb2 81. Rg8+ Kf6 82. Rf8+ Kg6 83. Kg1 Rb1+ 84. Kg2 Re1 85. Ra8 Re6 86. Ra5 Kf6 87. Ra4 Rb6 88. Rd4 Rc6 89. Rf4 Ke5 90. Ra4 Rc5 91. Ra6 f4 92. gxf4+ Kxf4 93. Ra8 Rc2 94. Rf8+ Kg5 95. Kg3 Rc3+ 96. Kg2 Kh4 97. Rg8 Rd3 98. Rg7 Rf3 99. Rg8 Kh5 100. Rh8+ Kg5 101. Ra8 Kh4 102. Ra5 Rb3 103. Rf5 Rc3 104. Rd5 Rb3 105. Rd4 Rb2 106. Rd8 Rb3 107. Rh8+ Kg5 108. Rg8+ Kf4 109. Rf8+ Kg5 110. Rg8+ Kf4 111. Rf8+ Kg5 112. Rg8+ 1/2-1/2


[Site "https://www.chess.com"]

[Event "Titled Tuesday Blitz March 07 Early 2023"]
[White "Tymrakiewicz, Rafal"]
[Black "Gabdrakhmanov, Azat"]
[WhiteFideId "1108832"]
[BlackFideId "34189197"]
[WhiteElo "2151"]
[BlackElo "2266"]
[Result "1-0"]
[Round "05"]
[TimeControl "180+2"]
[Date "2023.03.07"]
[WhiteClock "0:00:06"]
[BlackClock "0:00:07"]

1. e4 c5 2. d4 cxd4 3. c3 dxc3 4. Nxc3 e6 5. Nf3 Nc6 6. Bc4 Be7 7. O-O d6 8. Qe2 Nf6 9. Rd1 e5 10. Bg5 O-O 11. h3 a6 12. Rac1 Na5 13. Bxf6 Bxf6 14. Bd5 Bd7 15. b4 Nc6 16. a3 Rc8 17. Qd3 Qb6 18. Ba2 Nd4 19. Nxd4 Qxd4 20. Qxd4 exd4 21. Nd5 Bg5 22. f4 Bd8 23. Rxc8 Bxc8 24. Rxd4 Re8 25. Kf2 Kf8 26. Kf3 Bd7 27. g4 Bc6 28. Rd2 h6 29. Bb3 g6 30. Rc2 Bh4 31. Rc1 Kg7 32. a4 Bd8 33. Rc2 g5 34. f5 Bd7 35. Rc1 Bc6 36. Rc2 Bf6 37. b5 axb5 38. axb5 Bxb5 39. Nc7 Re5 40. Bd5 Bc6 41. Ra2 Bxd5 42. Nxd5 Bd8 43. Rb2 b6 44. Rc2 Re8 45. Rc8 Rf8 46. Rb8 Re8 47. Ra8 Kf8 48. f6 b5 49. Rb8 Bxf6 50. Rxe8+ Kxe8 51. Nxf6+ Ke7 52. Nd5+ Ke6 53. Nc7+ Ke5 54. Nxb5 d5 55. exd5 Kxd5 56. Nc3+ Ke5 57. Ne2 f5 58. Ng3 fxg4+ 59. hxg4 Kd5 60. Nf5 Ke5 61. Nxh6 1-0


[Site "https://www.chess.com"]

[Event "Titled Tuesday Blitz March 07 Early 2023"]
[White "Golubev, Mikhail"]
[Black "Janaszak, Dawid"]
[WhiteFideId "14100983"]
[BlackFideId "1119206"]
[WhiteElo "2374"]
[BlackElo "2220"]
[Result "1-0"]
[Round "05"]
[TimeControl "180+2"]
[Date "2023.03.07"]
[WhiteClock "0:00:04"]
[BlackClock "0:00:29"]

1. e4 c5 2. Nf3 Nc6 3. Nc3 g6 4. d4 cxd4 5. Nxd4 Bg7 6. Be3 Nf6 7. Nxc6 bxc6 8. e5 Ng8 9. Bd4 Qa5 10. f4 Nh6 11. e6 f6 12. exd7+ Bxd7 13. Bc4 Qb4 14. Bb3 Nf5 15. Bf2 Rd8 16. O-O Be6 17. Qe2 Bxb3 18. axb3 O-O 19. Rxa7 Qxf4 20. Bc5 Qb8 21. Qe6+ Kh8 22. Ra4 Rd2 23. Qe4 e5 24. Bxf8 Bxf8 25. Kh1 Bc5 26. Qxc6 Qb6 27. Ra8+ Kg7 28. Qxb6 Bxb6 29. Rb8 Bd4 30. Rb7+ Kh6 31. Ne4 Rxc2 32. Nxf6 Ne3 33. Rxh7+ Kg5 34. Ne4+ Kg4 35. h3# 1-0


[Site "https://www.chess.com"]

[Event "Titled Tuesday Blitz March 07 Early 2023"]
[White "Sekar, B"]
[Black "Dodaro, Mattia"]
[WhiteFideId "5043743"]
[BlackFideId "28583400"]
[WhiteElo "2258"]
[BlackElo "2428"]
[Result "1-0"]
[Round "05"]
[TimeControl "180+2"]
[Date "2023.03.07"]
[WhiteClock "0:00:16"]
[BlackClock "0:00:19"]

1. e4 g6 2. d4 Bg7 3. Nc3 c6 4. Nf3 d5 5. h3 h5 6. Bd3 dxe4 7. Nxe4 Nf6 8. Nxf6+ Bxf6 9. O-O O-O 10. c3 Be6 11. Re1 Qd6 12. Qe2 Bd5 13. Ne5 b5 14. a4 bxa4 15. c4 Be6 16. Nxg6 fxg6 17. Qxe6+ Qxe6 18. Rxe6 Kf7 19. Re4 Rd8 20. Be3 Nd7 21. Rxa4 Nc5 22. dxc5 Rxd3 23. Ra6 Rb8 24. Rxa7 Rxb2 25. g4 hxg4 26. hxg4 g5 27. Rc7 Rc2 28. Rxc6 Rdc3 29. Kg2 Rxc4 30. Rxc4 Rxc4 31. Kf3 Ke8 32. Rc7 Kd8 33. Ra7 Rc3 34. Ke4 Rc4+ 35. Kd5 Rxg4 36. c6 Rb4 37. Bc5 Rb5 38. Kc4 Rb1 39. Bb4 Rc1+ 40. Kb5 Be5 41. Ba5+ Kc8 42. Ra8+ Bb8 43. c7 Rxc7 44. Bxc7 Kxc7 45. Ra6 g4 46. Rg6 g3 47. fxg3 Kd7 48. Kc4 Bd6 49. Kd3 Ke8 50. Ke4 Kf7 51. Rg4 Kf6 52. Kf3 Kf5 53. Re4 Bc5 54. g4+ Kf6 55. Rf4+ Kg6 56. Rf5 Bd6 57. Rd5 Kf6 58. Ke4 Ke6 59. Rf5 Bb4 60. Rf8 Bc5 61. g5 Kd7 62. g6 e5 63. g7 1-0


[Site "https://www.chess.com"]

[Event "Titled Tuesday Blitz March 07 Early 2023"]
[White "Petrova, Irina"]
[Black "Saravana, Krishnan P."]
[WhiteFideId "14124122"]
[BlackFideId "5018382"]
[WhiteElo "2084"]
[BlackElo "2189"]
[Result "1-0"]
[Round "05"]
[TimeControl "180+2"]
[Date "2023.03.07"]
[WhiteClock "0:00:21"]
[BlackClock "0:00:07"]

1. e4 e5 2. Nf3 Nc6 3. Bb5 a6 4. Ba4 Nf6 5. Bxc6 dxc6 6. d3 Bd6 7. Nbd2 b5 8. O-O O-O 9. b3 Qe7 10. Bb2 Nd7 11. Re1 Re8 12. Nf1 Nf8 13. Ng3 f6 14. d4 Ng6 15. dxe5 Nxe5 16. Nxe5 Bxe5 17. Bxe5 Qxe5 18. Qd3 Bg4 19. f3 Rad8 20. Qe3 Be6 21. Rad1 Qb2 22. Qc5 Bd7 23. a3 Qe5 24. Qxe5 fxe5 25. Rd2 Be6 26. Red1 Rxd2 27. Rxd2 Kf7 28. Kf2 a5 29. Ke3 c5 30. Ne2 Ke7 31. Nc3 c6 32. a4 b4 33. Nd1 c4 34. bxc4 Bxc4 35. Nb2 Ba6 36. Nd3 Bxd3 37. Rxd3 Rb8 38. Kd2 Ke6 39. Kc1 g5 40. Kb2 h5 41. Kb3 g4 42. Kc4 Rg8 43. g3 gxf3 44. Rxf3 Rg4 45. Kc5 Rxe4 46. Kxc6 Rc4+ 47. Kb5 Rxc2 48. Kxa5 Rc3 49. Rf1 b3 50. Kb4 Rd3 51. Kc4 e4 52. a5 b2 53. Rb1 Ra3 54. Rxb2 Rxa5 55. Kd4 Ra4+ 56. Ke3 Kf5 57. h3 Ra3+ 58. Kf2 Ke5 59. Rb5+ Kd4 60. Rxh5 Ra2+ 61. Ke1 Ke3 62. Rd5 Ra1+ 63. Rd1 Rxd1+ 64. Kxd1 Kf2 65. g4 e3 66. g5 1-0


[Site "https://www.chess.com"]

[Event "Titled Tuesday Blitz March 07 Early 2023"]
[White "Sargissyan, Sargis"]
[Black "Malyi, Viacheslav"]
[WhiteFideId "13303210"]
[BlackFideId "14123983"]
[WhiteElo "2109"]
[BlackElo "2291"]
[Result "1-0"]
[Round "05"]
[TimeControl "180+2"]
[Date "2023.03.07"]
[WhiteClock "0:00:12"]
[BlackClock "0:00:10"]

1. e4 e5 2. Nf3 Nc6 3. Bb5 a6 4. Ba4 Nf6 5. Nc3 b5 6. Bb3 Bc5 7. d3 d6 8. Nd5 Nxd5 9. Bxd5 Bb7 10. Bg5 Qd7 11. O-O h6 12. Be3 Bb6 13. Bxb6 cxb6 14. d4 O-O 15. Re1 Rad8 16. Qd2 Qc7 17. c3 Rfe8 18. Rad1 Na5 19. Bxb7 Nxb7 20. Nh4 Qe7 21. Nf5 Qf6 22. Qd3 Na5 23. b3 Nc6 24. Re3 exd4 25. cxd4 Nb4 26. Qb1 g5 27. h4 g4 28. Rg3 h5 29. f3 Kf8 30. fxg4 hxg4 31. Rxg4 Rc8 32. Rd2 Rc3 33. a3 Rec8 34. Qf1 Rc1 35. Rd1 Rxd1 36. Qxd1 Nc2 37. Qd2 b4 38. axb4 a5 39. bxa5 bxa5 40. Rf4 Nb4 41. Rf1 Rc2 42. Qf4 Nd3 43. Qg4 Qg6 44. Qxg6 fxg6 45. Ne3+ 1-0


[Site "https://www.chess.com"]

[Event "Titled Tuesday Blitz March 07 Early 2023"]
[White "Kopczynski, Michal"]
[Black "Shevtchenko, Olesya"]
[WhiteFideId "1124200"]
[BlackFideId "24131890"]
[WhiteElo "2212"]
[BlackElo "2003"]
[Result "0-1"]
[Round "05"]
[TimeControl "180+2"]
[Date "2023.03.07"]
[WhiteClock "0:00:14"]
[BlackClock "0:00:51"]

1. e4 c6 2. d4 d5 3. e5 Bf5 4. g4 Bd7 5. Bd3 c5 6. dxc5 e6 7. Be3 d4 8. Bxd4 Bc6 9. Nf3 Qd5 10. Be2 Bxc5 11. Nc3 Bb4 12. a3 Bxc3+ 13. Bxc3 Ne7 14. Qxd5 Nxd5 15. Bd2 Nd7 16. O-O h5 17. g5 g6 18. c4 Ne7 19. Bc3 Nf5 20. Nd4 Nxd4 21. Bxd4 Ke7 22. Rad1 Rhd8 23. b4 Ba4 24. Rc1 Rac8 25. f4 b6 26. b5 Nc5 27. Bc3 Nd3 28. Bb4+ Nxb4 29. axb4 Rd2 30. Rf2 Bxb5 31. Ra1 Bxc4 32. Rxa7+ Kf8 33. Bxc4 Rxf2 34. Bxe6 Rcc2 35. Rxf7+ Ke8 36. Rd7 Rg2+ 37. Kf1 Rxh2 38. Kg1 Rhg2+ 39. Kf1 Rgf2+ 40. Kg1 Rxf4 41. Rd6 Rxb4 42. Rd1 Re2 43. Bd7+ Ke7 44. e6 Rbb2 45. Rc1 Rec2 46. Rd1 Rg2+ 47. Kh1 Rxg5 48. Rf1 Rf5 49. Rg1 b5 50. Rxg6 Rf1+ 51. Rg1 Rxg1+ 52. Kxg1 b4 0-1


[Site "https://www.chess.com"]

[Event "Titled Tuesday Blitz March 07 Early 2023"]
[White "Koridze, Lile"]
[Black "Garv Gaur"]
[WhiteFideId "13612514"]
[BlackFideId "45030839"]
[WhiteElo "2047"]
[BlackElo "2068"]
[Result "0-1"]
[Round "05"]
[TimeControl "180+2"]
[Date "2023.03.07"]
[WhiteClock "0:00:17"]
[BlackClock "0:01:08"]

1. d4 Nf6 2. c4 e6 3. Nf3 b6 4. g3 Ba6 5. b3 Bb4+ 6. Bd2 Be7 7. Bg2 O-O 8. O-O d5 9. Ne5 c6 10. Bc3 Nfd7 11. Nxd7 Nxd7 12. Nd2 Rc8 13. Re1 c5 14. cxd5 exd5 15. Nf3 Nf6 16. dxc5 bxc5 17. Rc1 d4 18. Bb2 Qa5 19. Ne5 Bd6 20. Nc6 Qb6 21. Ba3 Rxc6 22. Bxc6 Qxc6 23. Qxd4 Bb7 24. f3 cxd4 25. Rxc6 Bxc6 26. Bxd6 Rd8 27. Bc5 d3 28. exd3 Bxf3 29. Bxa7 Rxd3 30. Rc1 h6 31. b4 Ra3 32. Bd4 Rxa2 33. b5 Ng4 0-1


[Site "https://www.chess.com"]

[Event "Titled Tuesday Blitz March 07 Early 2023"]
[White "Turzo, Attila"]
[Black "Slade, Theodore"]
[WhiteFideId "704954"]
[BlackFideId "426547"]
[WhiteElo "2536"]
[BlackElo "1964"]
[Result "1/2-1/2"]
[Round "05"]
[TimeControl "180+2"]
[Date "2023.03.07"]
[WhiteClock "0:00:06"]
[BlackClock "0:00:13"]

1. e4 e5 2. Nf3 Nc6 3. d4 exd4 4. Nxd4 Nf6 5. Nxc6 bxc6 6. e5 Qe7 7. Qe2 Nd5 8. c4 Ba6 9. g3 g6 10. b3 Bg7 11. Bb2 O-O-O 12. Nd2 Rhe8 13. O-O-O Nb6 14. Bh3 Bxe5 15. Qxe5 Qxe5 16. Bxe5 Rxe5 17. Rhe1 Rde8 18. Rxe5 Rxe5 19. Bf1 c5 20. f4 Re3 21. Nb1 Bb7 22. Kd2 Re7 23. Nc3 d6 24. Bh3+ Kd8 25. f5 Nd7 26. fxg6 fxg6 27. Bxd7 Kxd7 28. Rf1 Bc6 29. Rf8 h5 30. Rg8 Re6 31. Rg7+ Kd8 32. h4 Rf6 33. Nd5 Bxd5 34. cxd5 Kc8 35. Ke3 Kb7 36. a3 Kb6 37. b4 cxb4 38. axb4 a6 39. Ke4 Kb5 40. Rxc7 Kxb4 41. Rb7+ Ka4 42. Re7 Kb5 43. Rb7+ Kc5 44. Rc7+ Kb6 45. Rc6+ Kb5 46. Rc1 a5 47. Rb1+ Ka6 48. Rb8 a4 49. Re8 Kb5 50. Rb8+ Kc5 51. Rc8+ Kb4 52. Rb8+ Kc3 53. Rc8+ Kb3 54. Rb8+ Ka2 55. Re8 a3 56. Re6 Rf1 57. Rxd6 Kb2 58. Rb6+ Ka1 59. d6 Rd1 60. Ke5 a2 61. Ke6 Rb1 62. Ra6 Re1+ 63. Kf7 Kb2 64. d7 Rd1 65. Ke7 Re1+ 66. Kf7 Rf1+ 67. Ke8 Re1+ 68. Kf7 1/2-1/2


[Site "https://www.chess.com"]

[Event "Titled Tuesday Blitz March 07 Early 2023"]
[White "Bochnicka, Vladimir"]
[Black "Sovetov, Oleksandr"]
[WhiteFideId "14943450"]
[BlackFideId "34105786"]
[WhiteElo "2094"]
[BlackElo "2532"]
[Result "0-1"]
[Round "05"]
[TimeControl "180+2"]
[Date "2023.03.07"]
[WhiteClock "0:00:03"]
[BlackClock "0:01:27"]

1. e4 c6 2. d4 d5 3. e5 Bf5 4. h4 h6 5. g4 Bh7 6. e6 Qd6 7. exf7+ Kxf7 8. Nf3 Nd7 9. Bd3 e5 10. Bxh7 Rxh7 11. dxe5 Nxe5 12. Nxe5+ Qxe5+ 13. Be3 Bc5 14. Qf3+ Nf6 15. O-O Bd6 16. Re1 Qh2+ 17. Kf1 Qxh4 18. Bf4 Bxf4 19. Qxf4 Qh3+ 20. Kg1 Qxg4+ 21. Qxg4 Nxg4 22. Nd2 Rhh8 23. Nf3 Rhe8 24. Nd4 Rxe1+ 25. Rxe1 Re8 26. Rd1 Nf6 27. Rd3 g6 28. Rb3 Re7 29. Ra3 a6 30. Rb3 Ne4 31. a4 Kf6 32. Rf3+ Ke5 33. c3 h5 34. Rf8 Nd6 35. f4+ Ke4 36. Rf6 Nf5 37. Ne2 Kf3 38. Nd4+ Nxd4 39. cxd4 Re1+ 40. Kh2 Re2+ 41. Kh3 Rxb2 42. Kh4 Rg2 43. f5 gxf5 44. Rxf5+ Ke4 0-1


[Site "https://www.chess.com"]

[Event "Titled Tuesday Blitz March 07 Early 2023"]
[White "Foerster-Yialamas, Lucas"]
[Black "Zarnicki, Pablo"]
[WhiteFideId "30901774"]
[BlackFideId "100137"]
[WhiteElo "2067"]
[BlackElo "2468"]
[Result "1-0"]
[Round "05"]
[TimeControl "180+2"]
[Date "2023.03.07"]
[WhiteClock "0:00:18"]
[BlackClock "0:00:35"]

1. e4 e5 2. Nf3 Nf6 3. Nxe5 d6 4. Nf3 Nxe4 5. Nc3 Nxc3 6. dxc3 Be7 7. Bd3 Nc6 8. h4 Bg4 9. Bf4 Qd7 10. b4 Bf6 11. O-O O-O 12. b5 Ne7 13. Rb1 Ng6 14. Bg5 Nxh4 15. Bxf6 Bxf3 16. gxf3 gxf6 17. Kh2 Kh8 18. Rb4 Ng6 19. f4 f5 20. Qh5 Rg8 21. Bxf5 Qe7 22. Rg1 Rg7 23. Re4 Qf6 24. c4 Rag8 25. Rg3 c6 26. c5 d5 27. Rb4 Qe7 28. Rbb3 Qxc5 29. Qe2 Nxf4 30. Rxg7 Nxe2 31. Rxh7# 1-0


[Site "https://www.chess.com"]

[Event "Titled Tuesday Blitz March 07 Early 2023"]
[White "Miszler, Levente"]
[Black "Reprintsev, Alexander"]
[WhiteFideId "763276"]
[BlackFideId "14100541"]
[WhiteElo "2176"]
[BlackElo "2229"]
[Result "1-0"]
[Round "05"]
[TimeControl "180+2"]
[Date "2023.03.07"]
[WhiteClock "0:00:11"]
[BlackClock "0:00:19"]

1. Nf3 Nc6 2. c4 e5 3. Nc3 Bb4 4. Nd5 e4 5. Nxb4 Nxb4 6. Nd4 Nf6 7. a3 Nc6 8. e3 Nxd4 9. exd4 d5 10. d3 O-O 11. Bg5 h6 12. Bh4 Re8 13. Be2 exd3 14. Qxd3 Bg4 15. f3 dxc4 16. Qxc4 Be6 17. Qd3 c5 18. Rd1 cxd4 19. Qxd4 Qxd4 20. Rxd4 Nd5 21. Kf2 Rac8 22. Rhd1 Rc2 23. R1d2 Rxd2 24. Rxd2 Nf4 25. Bg3 Nxe2 26. Rxe2 Rc8 27. Be5 Rc1 28. Rd2 f6 29. Bc3 Kf7 30. Rd8 Rc2+ 31. Rd2 Rc1 32. Rd8 a6 33. Rb8 Bd5 34. Rc8 Rc2+ 35. Kg3 g5 36. Rc5 Be6 37. Rc7+ Kg6 38. Rxb7 h5 39. h4 gxh4+ 40. Kxh4 Rxg2 41. Rb6 Kf5 42. Rxa6 Kf4 43. Kxh5 Bf7+ 44. Kh6 f5 45. Rf6 Bd5 46. a4 Bxf3 47. a5 Rg1 48. a6 Ra1 49. Kg6 Be4 50. b4 Ke3 51. Bxa1 f4+ 52. Kg5 f3 53. Rd6 f2 54. Bd4+ Ke2 55. Bxf2 1-0


[Site "https://www.chess.com"]

[Event "Titled Tuesday Blitz March 07 Early 2023"]
[White "Sztokbant, Bernardo Vainzoff"]
[Black "Markus, Robert"]
[WhiteFideId "2115956"]
[BlackFideId "921637"]
[WhiteElo "2222"]
[BlackElo "2623"]
[Result "1-0"]
[Round "05"]
[TimeControl "180+2"]
[Date "2023.03.07"]
[WhiteClock "0:00:55"]
[BlackClock "0:00:03"]

1. e4 c5 2. c3 d5 3. exd5 Qxd5 4. d4 cxd4 5. Nf3 Nc6 6. cxd4 Bg4 7. Nc3 Qh5 8. Be2 O-O-O 9. Be3 Nf6 10. Rc1 e6 11. O-O Bd6 12. h3 Bxh3 13. gxh3 Qxh3 14. Nb5 Qg4+ 15. Kh1 Qh3+ 16. Kg1 Bb8 17. Re1 Ng4 18. Nxa7+ Bxa7 19. Bf1 Qh5 20. Qa4 Kb8 21. Bf4+ Ka8 22. Rxc6 Ne5 23. Nxe5 f6 24. Ra6 fxe5 25. Rxa7+ Kb8 26. Bxe5+ Kc8 27. Ra8# 1-0


[Site "https://www.chess.com"]

[Event "Titled Tuesday Blitz March 07 Early 2023"]
[White "Zhukova, Natalia"]
[Black "Kokoszczynski, Jan"]
[WhiteFideId "14101513"]
[BlackFideId "1174460"]
[WhiteElo "2297"]
[BlackElo "2139"]
[Result "0-1"]
[Round "05"]
[TimeControl "180+2"]
[Date "2023.03.07"]
[WhiteClock "0:00:01"]
[BlackClock "0:00:05"]

1. c4 c6 2. e4 d5 3. exd5 cxd5 4. d4 Nf6 5. Nc3 Nc6 6. Nf3 Be6 7. Bg5 g6 8. Bxf6 exf6 9. Qb3 Bb4 10. a3 Bxc3+ 11. bxc3 O-O 12. c5 Re8 13. Be2 Bf5 14. Qd1 Qa5 15. Qd2 b6 16. cxb6 axb6 17. O-O Rac8 18. a4 Re7 19. Bd3 Bxd3 20. Qxd3 Rec7 21. Qb5 Qxb5 22. axb5 Na5 23. h3 Rxc3 24. Rfe1 Rb3 25. Rab1 Rxb1 26. Rxb1 Rc2 27. g4 Kf8 28. Kg2 Ke7 29. Kg3 Kd6 30. h4 Nc4 31. Ra1 Rc3 32. Kg2 Ra3 33. Re1 Rb3 34. Re8 Rxb5 35. Rh8 Rb2 36. Rxh7 Ke6 37. Rh8 b5 38. h5 gxh5 39. gxh5 b4 40. h6 Ne3+ 41. Kh3 Rxf2 42. h7 Rxf3+ 43. Kh4 Rf4+ 44. Kh3 Rf3+ 45. Kh2 Ng4+ 46. Kg2 Rf2+ 47. Kg3 Rh2 48. Kxg4 Ke7 49. Kg3 Rh6 50. Rb8 Rxh7 51. Rxb4 Rh1 52. Kf4 Rf1+ 53. Ke3 Ke6 54. Kd3 Rf3+ 55. Ke2 Ra3 0-1


[Site "https://www.chess.com"]

[Event "Titled Tuesday Blitz March 07 Early 2023"]
[White "Bas Mas, Jose Joaquin"]
[Black "Arencibia Monduy, Antonio"]
[WhiteFideId "22219064"]
[BlackFideId "3507939"]
[WhiteElo "2233"]
[BlackElo "2515"]
[Result "0-1"]
[Round "05"]
[TimeControl "180+2"]
[Date "2023.03.07"]
[WhiteClock "0:00:13"]
[BlackClock "0:00:24"]

1. e4 e6 2. d4 d5 3. e5 c5 4. c3 cxd4 5. Nf3 Nc6 6. Bd3 Nge7 7. O-O Nf5 8. Re1 Be7 9. cxd4 Qb6 10. Bxf5 exf5 11. Nc3 Be6 12. a3 h6 13. Na4 Qd8 14. b4 O-O 15. Bb2 Rc8 16. Rc1 b6 17. Qd3 Qd7 18. Nc3 Rfd8 19. Re2 f4 20. b5 Na5 21. Nd2 g5 22. h4 Bf5 23. Qf3 Nc4 24. Nxc4 Rxc4 25. Rd2 Kg7 26. g3 Bg4 27. Qd3 f3 28. Re1 Qe6 29. Re3 gxh4 30. Rxf3 Bxf3 31. Qxf3 hxg3 32. Qxg3+ Kh8 33. Kf1 Rg8 34. Qf3 Rd8 35. Qf4 Bg5 0-1


[Site "https://www.chess.com"]

[Event "Titled Tuesday Blitz March 07 Early 2023"]
[White "Lehtosaari, Mauri"]
[Black "Andrews, Todd"]
[WhiteFideId "501999"]
[BlackFideId "2012456"]
[WhiteElo "2514"]
[BlackElo "2401"]
[Result "1-0"]
[Round "05"]
[TimeControl "180+2"]
[Date "2023.03.07"]
[WhiteClock "0:00:11"]
[BlackClock "0:00:12"]

1. d4 Nf6 2. Nf3 c5 3. c3 g6 4. Bg5 Bg7 5. Nbd2 cxd4 6. cxd4 d5 7. e3 O-O 8. Bd3 Nc6 9. O-O b6 10. Rc1 Nb4 11. Be2 Ba6 12. Bxa6 Nxa6 13. Ne5 Rc8 14. Qa4 Nb8 15. Qxa7 Re8 16. Qb7 Nfd7 17. Nxd7 Nxd7 18. Qxd5 h6 19. Bh4 g5 20. Bg3 e5 21. Nf3 exd4 22. Nxd4 Nc5 23. Qxd8 Rexd8 24. b4 Nd3 25. Rxc8 Rxc8 26. b5 Bxd4 27. exd4 Rc2 28. Ra1 Rb2 29. a4 Nb4 30. h4 Nc2 31. Rc1 Nxd4 32. Rc8+ Kh7 33. hxg5 hxg5 34. Rb8 Rb1+ 35. Kh2 f5 36. Be5 Ne2 37. Rb7+ Kg6 38. Rxb6+ Kh5 39. f3 g4 40. fxg4+ fxg4 41. Rb8 Kg5 42. Re8 Kf5 43. Bg3 Nc3 44. Re5+ Kf6 45. Rc5 Nxa4 46. Rc4 Nb6 47. Rc6+ Kf5 48. Rxb6 Rb4 49. Rb8 Ke6 50. b6 Kd7 51. b7 Kc6 52. Rg8 Rxb7 53. Rxg4 Rh7+ 54. Rh4 Rg7 55. Kh3 Kd5 56. Bf2 Ke6 57. Rf4 Ke5 58. g3 Rh7+ 59. Kg2 Rd7 60. Rf3 Rd2 61. g4 Ke4 62. Rf8 Rd5 63. Kg3 Rd3+ 64. Kh4 Rd2 65. Bg3 Rd5 66. g5 Rd1 67. g6 Rh1+ 68. Kg5 Rg1 69. g7 Rxg3+ 70. Kf6 Rf3+ 71. Ke7 Rg3 72. g8=Q Rxg8 73. Rxg8 Ke5 74. Rg6 Kd5 75. Re6 Kd4 76. Kd6 Kc4 77. Re5 Kd4 78. Ke6 Kc4 79. Rd5 Kc3 80. Ke5 Kc4 81. Ke4 Kc3 82. Rd4 Kb3 83. Kd3 Ka3 84. Rc4 Kb3 85. Rd4 Ka3 86. Kc2 Ka2 87. Ra4# 1-0


[Site "https://www.chess.com"]